 Dungeon Crawl Stone Soup version 0.32-a0-576-g706899e69d (webtiles) character file.

Game seed: 8211092351330078398

9570 backslashecho the Cleaver (level 11, 0/89 HPs)
             Began as a Coglin Berserker on Mar 1, 2024.
             Was a High Priest of Trog.
             Succumbed to Sonja's poison
             ... on level 11 of the Dungeon.
             The game lasted 00:27:37 (12345 turns).

backslashecho the Cleaver (Coglin Berserker)       Turns: 12345, Time: 00:27:38

Health: 0/89       AC: 19    Str: 22    XL:     11   Next: 48%
Magic:  11/11      EV:  4    Int:  6    God:    Trog [*****.]
Gold:   864        SH:  0    Dex: 14    Spells: 10/10 levels left

rFire   . . .        a - +1 broad axe (elec) {Imgur-Sin}
rCold   . . .        o - +1 dagger (speed) {Imanvir}
rNeg    . . .        b - +0 crystal plate armour
rPois   .            (no helmet)
rElec   .            (no cloak)
rCorr   .            p - +0 pair of gloves
SInv    .            (no boots)
Will    .....        (amulet unavailable) Stlth
                     (ring unavailable)
HPRegen 0.34/turn    (ring unavailable)
MPRegen 0.12/turn    (no gizmo)

%: no passive effects
@: lethally poisoned (0 -> -40), slowed, revving, very slow
A: off-hand wielding, slow wielding, warmup strikes, no jewellery
a: Invent Gizmo, Renounce Religion, Berserk, Trog's Hand, Brothers in Arms


You were on level 11 of the Dungeon.
You worshipped Trog.
Trog was extremely pleased with you.
You visited 2 branches of the dungeon, and saw 12 of its levels.
You also visited: Bailey.

You collected 936 gold pieces.
You spent 72 gold pieces at shops.

Inventory:

Hand Weapons
 a - a +1 broad axe of electrocution (weapon) {Imgur-Sin}
 m - a +7 short sword {Rubén}
 o - a +1 dagger of speed (offhand) {Imanvir}
 u - a +0 war axe
 A - a +2 hand axe of flaming {Ari}
Missiles
 d - 47 poisoned darts (quivered)
 y - 2 throwing nets
 C - 2 curare-tipped darts
Armour
 b - a +0 crystal plate armour (worn)
 p - a +0 pair of gloves (worn)
 r - +0 acid dragon scales
 B - a +0 plate armour
Wands
 c - a wand of flame (47)
 F - a wand of light (2)
 H - a wand of warping (2)
 I - a wand of paralysis (3)
 K - a wand of mindburst (2)
Scrolls
 f - 4 scrolls of vulnerability
 i - a scroll of silence
 j - 3 scrolls of enchant weapon
 s - 4 scrolls of teleportation
 w - 2 scrolls of blinking
 x - 3 scrolls of fog
 D - 3 scrolls of brand weapon {unknown}
 G - a scroll of immolation {unknown}
Potions
 e - a potion of lignification
 g - 8 potions of curing
 h - 2 potions of magic
 l - 3 potions of heal wounds
 n - a potion of berserk rage
 q - 4 potions of mutation {bail}
 t - 2 potions of attraction
 v - 3 potions of cancellation
 z - a potion of might
 J - 3 potions of enlightenment


   Skills:
 - Level 9.0 Fighting
 - Level 2.0 Short Blades
 * Level 13.8 Axes
 + Level 6.8 Armour
 - Level 2.0 Dodging


You had 10 spell levels left.
You didn't know any spells.
Your spell library was empty.

Dungeon Overview and Level Annotations

Branches:
Dungeon (11/15)            Temple (1/1) D:6             Orc (0/2) D:9
 Bailey (visited)
   Lair: D:8-11

Altars:
Ashenzari
Cheibriados
Dithmenos
Elyvilon
Fedhas
Gozag
Hepliaklqana
Kikubaaqudgha
Makhleb
Nemelex Xobeh
Okawaru
Qazlal
Ru
Sif Muna
Trog
Uskayaw
Vehumet
Wu Jian
Xom
Yredelemnul
Zin
The Shining One

Shops:
D:5 ?   D:7 *

Portals:
Abyss: D:10

Annotations:
D:2 Terence
D:10 2 transporters, Bediveer's ghost, novice DEHu
D:11 exclusion: 2 doors, Sonja


Innate Abilities, Weirdness & Mutations

You can wield a second weapon in your off-hand.
It takes a long time for you to wield or remove held weapons.
Your first few attacks do less damage.
You cannot equip rings or amulets.


Message History

Aiming: Mindburst
Press: ? - help, Shift-Dir - straight line, f/p - Sonja
Aim: Sonja, wielding a +2 short sword of venom and quivering curare-tipped darts (lightly wounded, chance to affect: 72%) Sonja's mind is blasted!
You feel extremely sick.
You take 10 damage, and have 43/89 hp.
You miss Sonja with your +1 broad axe of electrocution.
Sonja is heavily wounded.
You barely miss Sonja with your +1 dagger of speed.
You feel very sick. Sonja hits you but does no damage.
You are more poisoned.
Sonja hits you but does no damage.
You are more poisoned.
Sonja hits you but does no damage.
You are lethally poisoned!
Sonja hits you but does no damage.
You are more poisoned.
Sonja hits you with a +2 short sword of venom.
You are more poisoned.
Sonja hits you but does no damage.
You are more poisoned.
You take 7 damage, and have 36/89 hp.
You barely miss Sonja with your +1 dagger of speed.
Sonja is heavily wounded.
You miss Sonja with your +1 broad axe of electrocution.
* * * LOW HITPOINT WARNING * * *
You feel extremely sick.
Sonja hits you with a +2 short sword of venom.
* * * LOW HITPOINT WARNING * * *
Sonja hits you but does no damage. x2
You are more poisoned.
You take 19 damage, and have 17/89 hp.
MASSIVE DAMAGE!!
You feel better.
Sonja hits you with a +2 short sword of venom.
* * * LOW HITPOINT WARNING * * *
You are poisoned.
Sonja hits you with a +2 short sword of venom!
* * * LOW HITPOINT WARNING * * *
You are lethally poisoned!
Sonja hits you but does no damage. x2
You are more poisoned.
Sonja barely misses you.
Sonja hits you with a +2 short sword of venom.
* * * LOW HITPOINT WARNING * * *
You are more poisoned.
You take 4 damage, and have 13/89 hp.
As you read the scroll of fear, it crumbles to dust.
You assume a fearsome visage.
Sonja looks frightened!
You die...

#........ #.......
........#############
#..... ..............
#..... ........######
#....# #######.#....#
#...K# #.#....#
####...@## #.'....#
#........# #.'....#
####.....# #.#.....
#.....# #.#..#'' #.....#
#.####..
#.....########.......
#....................
.......................
.........###########....


You could see Sonja (fleeing).

Vanquished Creatures
  An orc warlord (Bailey)
  Harold (D:9)
  A two-headed ogre (D:10)
  Pikel (D:8)
  A gargoyle (D:11)
  Maggie (D:9)
  An efreet (D:10)
  Psyche (D:9)
  2 trolls (D:11)
  A hornet (D:9)
  Grinder (D:6)
  A shadow (D:11)
  A wraith (D:10)
  2 wyverns
  Eustachio (D:6)
  Grum (D:11)
  Edmund (D:5)
  2 acid dragons
  2 water moccasins
  Duvessa (D:7)
  8 orc warriors
  3 ice beasts
  2 ogres (D:5)
  A wolf (D:11)
  5 centaurs
  2 phantoms (D:6)
  4 lemures (D:8)
  Blork the orc (D:6)
  A bullfrog (D:7)
  4 kobold brigands
  2 scorpions
  5 wights (D:8)
  Dowan (D:7)
  4 bombardier beetles
  A howler monkey (D:4)
  A jelly (D:4)
  A gnoll bouda (D:5)
  A hound (D:4)
  6 orc priests
  A sleepcap (D:6)
  Jessica (D:3)
  An iguana (D:6)
  6 orc wizards
  10 gnolls
  9 adders
  A white imp (D:7)
  2 ufetubi (D:7)
  3 dart slugs
  3 ribbon worms
  60 orcs
  5 bats
  5 endoplasms
  2 giant cockroaches
  13 goblins
  8 hobgoblins
  5 quokkas
  4 ball pythons
  3 frilled lizards
  40 kobolds
  5 rats
264 creatures vanquished.

Notes
Turn   | Place    | Note
-------+----------+-------------------------------------------
     0 | D:1      | backslashecho the Coglin Berserker began the quest for the
                  | Orb.
     0 | D:1      | Reached XP level 1. HP: 18/18 MP: 1/1
   128 | D:1      | Reached XP level 2. HP: 22/24 MP: 2/2
   402 | D:1      | Reached skill level 1 in Short Blades
   402 | D:1      | Reached XP level 3. HP: 29/29 MP: 3/3
  1142 | D:2      | Noticed Terence
  1740 | D:2      | Found a shimmering altar of Xom.
  1749 | D:2      | Reached XP level 4. HP: 27/35 MP: 4/4
  1829 | D:2      | Reached ** piety under Trog
  1917 | D:2      | Found a faded altar of an unknown god.
  2781 | D:3      | Reached skill level 4 in Axes
  2781 | D:3      | Reached XP level 5. HP: 16/42 MP: 5/5
  2990 | D:3      | Noticed Jessica
  3004 | D:3      | Killed Jessica
  3379 | D:3      | Found a white marble altar of Elyvilon.
  3387 | D:3      | Found a shimmering altar of Xom.
  3475 | D:4      | Found a shimmering blue altar of Sif Muna.
  3690 | D:4      | Reached skill level 5 in Axes
  3690 | D:4      | Reached XP level 6. HP: 48/48 MP: 6/6
  4204 | D:5      | Entered Level 5 of the Dungeon
  4249 | D:5      | Noticed Edmund
  4338 | D:5      | Found Gaori's Magic Scroll Shop.
  4370 | D:5      | Bought a scroll of teleportation for 42 gold pieces
  4418 | D:5      | Noticed an ice beast
  4511 | D:5      | Reached skill level 6 in Axes
  4511 | D:5      | Reached XP level 7. HP: 55/55 MP: 7/7
  4872 | D:5      | Reached skill level 5 in Fighting
  5033 | D:5      | Reached skill level 7 in Axes
  5147 | D:5      | Killed Edmund
  5235 | D:5      | Reached XP level 8. HP: 62/62 MP: 8/8
  5429 | D:5      | Reached skill level 8 in Axes
  5639 | D:6      | Noticed Grinder
  5639 | D:6      | Found a stormy altar of Qazlal.
  5639 | D:6      | Found an ancient bone altar of Kikubaaqudgha.
  5883 | D:6      | Found a staircase to the Ecumenical Temple.
  5903 | Temple   | Entered the Ecumenical Temple
  5994 | D:6      | Reached skill level 9 in Axes
  6017 | D:6      | Killed Grinder
  6165 | D:6      | Noticed Eustachio
  6183 | D:6      | Killed Eustachio
  6510 | D:6      | Noticed Blork the orc
  6522 | D:6      | Killed Blork the orc
  6634 | D:6      | Reached XP level 9. HP: 68/68 MP: 9/9
  6823 | D:6      | Found an iron altar of Okawaru.
  7003 | D:7      | Found a flagged portal.
  7022 | Bailey   | Entered a bailey
  7035 | Bailey   | Noticed an orc warlord
  7042 | Bailey   | Reached *** piety under Trog
  7081 | Bailey   | Reached skill level 10 in Axes
  7235 | Bailey   | Found a runed translucent gate.
  7238 | Bailey   | Found a runed translucent gate.
  7239 | Bailey   | Found a runed translucent gate.
  7486 | Bailey   | Killed an orc warlord
  7658 | D:7      | You fall into a shaft and drop 2 floors!
  7731 | D:9      | Reached skill level 11 in Axes
  7754 | D:9      | Reached **** piety under Trog
  7940 | D:9      | Reached XP level 10. HP: 73/79 MP: 10/10
  8003 | D:9      | Noticed Harold
  8014 | D:9      | Killed Harold
  8015 | D:9      | Reached skill level 5 in Armour
  8168 | D:7      | Found Xaesidat's General Store.
  8175 | D:7      | Bought a scroll of identify for 30 gold pieces
  8177 | D:7      | Acquired a +1 broad axe of electrocution
  8280 | D:7      | Reached skill level 12 in Axes
  8717 | D:7      | Noticed Duvessa
  8717 | D:7      | Noticed Dowan
  8732 | D:7      | Killed Duvessa
  8736 | D:7      | Killed Dowan
  8849 | D:8      | Noticed Pikel
  8870 | D:8      | Killed Pikel
  9086 | D:8      | Reached ***** piety under Trog
  9852 | D:9      | Noticed Psyche
  9866 | D:9      | Killed Psyche
  9867 | D:9      | Reached XP level 11. HP: 67/87 MP: 11/11
  9955 | D:9      | Reached skill level 13 in Axes
 10056 | D:9      | Noticed Maggie
 10065 | D:9      | Killed Maggie
 10345 | D:9      | Found a staircase to the Orcish Mines.
 10556 | D:10     | Entered Level 10 of the Dungeon
 10689 | D:10     | Noticed a two-headed ogre
 10713 | D:10     | Killed a two-headed ogre
 10797 | D:10     | Found a transporter.
 10804 | D:10     | Found a transporter.
 10804 | D:10     | Noticed a skeletal warrior
 10832 | D:10     | Noticed a brown very ugly thing
 10837 | D:10     | Found a one-way gate to the infinite horrors of the Abyss.
 10837 | D:10     | Noticed Bediveer's ghost (novice DEHu)
 10837 | D:10     | Noticed a thrashing horror
 11356 | D:10     | Found a sacrificial altar of Ru.
 12004 | D:11     | Noticed Grum
 12016 | D:11     | Killed Grum
 12162 | D:11     | Noticed a manticore
 12334 | D:11     | Noticed Sonja
 12345 | D:11     | Succumbed to Sonja's poison

Illustrated notes

Levels and vault maps discovered:
D:1:      dpeg_arrival_boxorama, layout_loops_ring, minmay_hedge_maze,
          minmay_splitting_lines
D:2:      layout_basic, ebering_ecumenical_altar_petrified, basic_altar,
          nicolae_twisty_statue_hallways, uniq_terence
D:3:      kb_forest_paths, layout_basic, amethyst_overflow_temple_binary,
          chequers_serial_rivers_micro_a, kennysheep_generic_room_3,
          uniq_jessica
D:4:      layout_basic, overflow_temple_1_default
D:5:      layout_rooms, serial_shops, nicolae_shop_tiny_statue_garden,
          uniq_edmund
D:6:      layout_basic, okawaru_altar_gauntlet_db,
          chequers_temple_overflow_statue_of_worship, minmay_temple_entry_glass,
          uniq_blork_the_orc, uniq_grinder, uniq_eustachio
D:7:      layout_rooms, serial_shops, shop, enter_bailey_2, minmay_starry_boxes,
          uniq_duvessa
D:8:      layout_loops_ring, uniq_pikel
D:9:      layout_roguey, hiddenorc1_lemuel, nicolae_underground_beach,
          uniq_psyche, uniq_harold, uniq_maggie
D:10:     layout_long_grid, amcnicky_altar_gilded,
          gammafunk_ghost_abyssal_escape, serial_bayou_crossing
D:11:     layout_irregular_city, david_lair_shrubbed, uniq_sonja, uniq_grum
Temple:   nicolae_temple_no_exploring_needed

Skill      XL: |  1  2  3  4  5  6  7  8  9 10 11 |
---------------+----------------------------------+-----
Armour         | 2 3 4 5 6 |  6.8
Short Blades   | 1 2 |  2.0
Dodging        | 2 |  2.0
Axes           | 4 5 6 7 9 11 12 13 | 13.8
Fighting       | 4 5 7 8 9 |  9.0

Action                     |  1- 3 |  4- 6 |  7- 9 | 10-12 || total
---------------------------+-------+-------+-------+-------++-------
  Melee: Dagger            |    66 |   147 |    82 |   180 ||   475
         Hand axe          |    69 |   154 |   224 |     5 ||   452
         Short sword       |       |       |   146 |     5 ||   151
         Broad axe         |       |       |       |   212 ||   212
         Unarmed           |       |       |       |     2 ||     2
  Throw: Dart              |       |       |    15 |    18 ||    33
 Invoke: Berserk           |       |     3 |     9 |     6 ||    18
         Trog's Hand       |       |     1 |     1 |       ||     2
  Evoke: Wand              |       |       |     2 |    14 ||    16
    Use: Scroll            |     8 |     2 |     4 |    10 ||    24
         Potion            |       |       |       |     1 ||     1
   Stab: Sleeping          |       |     1 |       |       ||     1
         Invisible         |       |       |       |     1 ||     1
 Armour: Animal skin       |    45 |    74 |    36 |       ||   155
         Scale mail        |       |       |    95 |    15 ||   110
         Crystal plate arm |       |       |       |   192 ||   192
         Skin              |       |       |       |     2 ||     2
  Dodge: Dodged            |    56 |    92 |   108 |    31 ||   287

Table legend: (Time is in decaauts)
 A = Elapsed time spent in this place.
 B = Non-inter-level travel time spent in this place.
 C = Inter-level travel time spent in this place.
 D = Time resting spent in this place.
 E = Time spent auto-exploring this place.
 F = Levels seen in this place.
 G = Mean time per level.
                   A        B        C        D        E       F      G
               +--------+--------+--------+--------+--------+-----+--------+
         Total |  12482 |  11319 |   1163 |   2224 |   6928 |  13 |  960.2 |
       Dungeon |  11812 |  10649 |   1163 |   1935 |   6734 |  11 | 1073.8 |
        Temple |     53 |     53 |      0 |     51 |      0 |   1 |   53.0 |
        Bailey |    616 |    616 |      0 |    237 |    193 |   1 |  616.0 |
               +--------+--------+--------+--------+--------+-----+--------+

Top non-repeatable levels by time:
     D:9: 1335 daAuts
     D:2: 1315 daAuts
    D:10: 1244 daAuts
     D:5: 1220 daAuts
     D:6: 1205 daAuts
     D:3: 1137 daAuts
     D:1: 1125 daAuts
     D:4: 1087 daAuts
     D:8: 824 daAuts
     D:7: 792 daAuts
  Bailey: 616 daAuts
    D:11: 524 daAuts
  Temple: 53 daAuts
